 Dungeon Crawl Stone Soup version 0.30-b1-2-g02819fbbbe (webtiles) character file.

Game seed: 1951457281871151513

1962 Armakuni the Basher (level 9, -4/63 HPs)
             Began as a Human Monk on May 13, 2023.
             Was a Believer of the Shining One.
             Slain by an orc warrior
             ... wielding a +0 war axe
              (11 damage)
             ... in a bailey.
             The game lasted 00:16:54 (5276 turns).

Armakuni the Basher (Human Monk)                    Turns: 5276, Time: 00:16:55

Health: -4/63      AC:  4    Str: 15    XL:     9   Next: 42%
Magic:  9/9        EV: 12    Int: 11    God:    the Shining One [**....]
Gold:   674        SH:  3    Dex: 16    Spells: 8/8 levels left

rFire   + . .        a - +10 dagger of Faazapah {venom, Stlth+}
rCold   + . .        l - +0 buckler
rNeg    + . .        d - +0 steam dragon scales
rPois   +            (helmet restricted)
rElec   .            x - scarf {rC+ rF+}
rCorr   .            (no gloves)
SInv    .            t - +1 pair of boots
Will    .....        (no amulet)
Stlth   +            L - ring of flight
HPRegen 1.10/turn    P - ring of poison resistance
MPRegen 0.11/turn

%: no passive effects
@: flying, glowing
A: antennae 1, deformed body, low MP 1, regeneration 1
a: Renounce Religion, Divine Shield


You were in a bailey.
You worshipped the Shining One.
The Shining One was pleased with you.
You visited 2 branches of the dungeon, and saw 8 of its levels.
You also visited: Bailey.

You collected 674 gold pieces.

Inventory:

Hand Weapons
 a - the +10 dagger of Faazapah (weapon) {venom, Stlth+}
   (You found it on level 6 of the Dungeon)

   Stlth:     It makes you more stealthy.
 b - a +0 flail
 i - a +3 dagger
 w - a +1 dagger of venom
Missiles
 u - 9 boomerangs (quivered)
Armour
 d - +0 steam dragon scales (worn)
 l - a +0 buckler (worn)
 n - a +0 kite shield
 q - a +0 helmet
 t - a +1 pair of boots (worn)
 x - a scarf of resistance (worn)
Jewellery
 e - an amulet of reflection
 L - a ring of flight (left hand)
 P - a ring of poison resistance (right hand)
Wands
 g - a wand of paralysis (3)
 k - a wand of digging (8)
 r - a wand of roots (3)
Scrolls
 h - 2 scrolls of torment
 s - a scroll of amnesia
 v - 2 scrolls of vulnerability
 y - a scroll of identify
 z - a scroll of enchant armour
Potions
 c - a potion of resistance
 f - a potion of mutation
 j - 5 potions of curing
 m - 3 potions of haste
 o - 2 potions of heal wounds {unknown}
 p - a potion of attraction {unknown}
 A - 2 potions of flight


   Skills:
 - Level 3.0 Fighting
 + Level 11.7 Maces & Flails
 - Level 3.0 Dodging
 - Level 2.0 Invocations
 - Level 2.0 Evocations


You had 8 spell levels left.
You didn't know any spells.
Your spell library contained the following spells:

 Spells                   Type           Power      Damage    Failure   Level
 Freeze                   Ice            0%         1d3       43%         1
 Poisonous Vapours        Pois/Air       0%         N/A       58%         2
 Frozen Ramparts          Ice            0%         1d1       82%         3
 Hailstorm                Conj/Ice       0%         3d3       82%         3
 Mephitic Cloud           Conj/Pois/Air  0%         N/A       82%         3
 Freezing Cloud           Conj/Ice/Air   0%         6-21      100%        5


Dungeon Overview and Level Annotations

Branches:
Dungeon (7/15)             Temple (1/1) D:5          Bailey (1/1)

Altars:
Ashenzari
Cheibriados
Dithmenos
Fedhas
Gozag
Hepliaklqana
Kikubaaqudgha
Makhleb
Nemelex Xobeh
Ru
Sif Muna
Trog
Uskayaw
Vehumet
Wu Jian
Xom
Yredelemnul
The Shining One

Shops:
D:5 *?

Annotations:
D:6 1 runed translucent door, decrepitude's ghost, novice DsGl


Innate Abilities, Weirdness & Mutations

You have a pair of small antennae on your head.
Armour fits poorly on your strangely shaped body.
Your magical capacity is low. (-10% MP)
Your natural rate of healing is unusually fast.


Message History

The orc warrior barely misses you.
You hit the orc warrior but do no damage.
The orc warrior looks as sick as possible!
The orc warrior is almost dead.
The orc warrior hits you with a +0 broad axe!
You puncture the orc warrior!
You kill the orc warrior!
A kobold comes into view.
You hit the orc warrior.
The orc warrior is poisoned.
The orc warrior is lightly wounded.
The orc warrior closely misses you.
You hit the orc warrior but do no damage.
The orc warrior looks as sick as possible!
The orc warrior is lightly wounded.
The kobold barely misses you. The orc warrior barely misses you.
You barely miss the orc warrior.
The orc warrior is lightly wounded.
The kobold barely misses you.
The orc warrior hits you with a +0 war axe!
You barely miss the kobold. The kobold hits you but does no damage.
The orc warrior misses you.
You completely miss the kobold. You block the kobold's attack.
The orc warrior hits you with a +0 war axe!
You puncture the kobold!
You kill the kobold!
The orc warrior hits you with a +0 war axe.
You hit the orc warrior but do no damage.
The orc warrior is heavily wounded.
The orc warrior hits you with a +0 war axe!
The orc warrior hits you with a +0 war axe.
You are too injured to fight recklessly!
You are too injured to fight recklessly!
You are too injured to fight recklessly!
You barely miss the orc warrior.
The orc warrior is heavily wounded.
The orc warrior hits you with a +0 war axe!
* * * LOW HITPOINT WARNING * * *
The orc warrior attacks as you move away!
The orc warrior hits you with a +0 war axe!
You die...

.############# ##..
.............#### #... #
#...........## ##..# ####.
##'#.........# #...# #..#..
#..#....⌠..... ....# #..# ..
#))###.......# ≈≈..#
'..####'####).#.#.....###
≈≈≈.###o.....oKo@(..#'#......##
≈≈≈≈†.#K.####'####..#.†)..≈≈≈≈≈
≈≈≈≈≈≈####.......####†≈≈~≈≈≈≈≈≈
###≈≈≈≈≈∩#...ggg{#∩≈≈≈≈≈≈~....#
###≈≈≈≈#########≈≈≈≈)......##
###≈≈≈≈≈≈≈≈≈≈≈≈≈≈.).....##
###≈≈≈≈≈≈≈≈~..†.....###
##.............####
##..∩......####


You could see 2 orc warriors and a kobold.

Vanquished Creatures
  Sigmund (D:2)
  Eustachio (D:6)
  A steam dragon (D:6)
  3 orc warriors (Bailey)
  2 ice beasts
  A black bear (D:7)
  A sky beast (D:6)
  A phantom (D:6)
  A kobold brigand (D:7)
  4 bullfrogs (D:7)
  A howler monkey (D:6)
  A crimson imp (D:4)
  3 jellies
  A hound (D:4)
  Crazy Yiuf (D:2)
  3 iguanas
  2 gnolls (D:4)
  4 adders
  A white imp (D:6)
  A worm (D:3)
  18 orcs
  3 ball pythons
  4 bats
  2 endoplasms
  3 giant cockroaches
  20 hobgoblins
  2 jackals (D:4)
  2 quokkas
  17 goblins
  28 kobolds
  11 rats
144 creatures vanquished.

Notes
Turn   | Place    | Note
-------+----------+-------------------------------------------
     0 | D:1      | Armakuni the Human Monk began the quest for the Orb.
     0 | D:1      | Reached XP level 1. HP: 18/18 MP: 1/1
   170 | D:1      | Reached XP level 2. HP: 24/24 MP: 2/2
   613 | D:2      | Reached skill level 4 in Maces & Flails
   613 | D:2      | Reached XP level 3. HP: 24/29 MP: 3/3
   821 | D:2      | Found a runed translucent door.
   822 | D:2      | Noticed Crazy Yiuf
   827 | D:2      | Gained mutation: Your magical capacity is low. (-10% MP)
                  | [potion of mutation]
   827 | D:2      | Gained mutation: You have a pair of small antennae on your
                  | head. [potion of mutation]
   827 | D:2      | Gained mutation: Armour fits poorly on your strangely
                  | shaped body. [potion of mutation]
   827 | D:2      | Gained mutation: Your natural rate of healing is unusually
                  | fast. [potion of mutation]
   852 | D:2      | Killed Crazy Yiuf
   853 | D:2      | Reached XP level 4. HP: 28/35 MP: 3/3
  1211 | D:2      | Noticed Sigmund
  1219 | D:2      | Killed Sigmund
  1220 | D:2      | Reached skill level 6 in Maces & Flails
  1220 | D:2      | Reached XP level 5. HP: 30/41 MP: 4/4
  1220 | D:2      | Reached XP level 6. HP: 35/47 MP: 5/5
  1761 | D:3      | Found a faded altar of an unknown god.
  2022 | D:3      | Noticed a moth of wrath
  2025 | D:3      | Found a bloodstained altar of Trog.
  2318 | D:4      | Identified the +2 spear of Hell's Wrath {flame, MP+9}
  2963 | D:4      | Found a shimmering altar of Xom.
  2963 | D:4      | Found a burning altar of Makhleb.
  2994 | D:4      | Reached skill level 7 in Maces & Flails
  2994 | D:4      | Reached XP level 7. HP: 44/52 MP: 6/6
  3041 | D:4      | Found a shimmering blue altar of Sif Muna.
  3041 | D:4      | Found an ancient bone altar of Kikubaaqudgha.
  3297 | D:5      | Entered Level 5 of the Dungeon
  3664 | D:5      | Found Nuczamn's Magic Scroll Shop.
  3670 | D:5      | Found Goes's General Store.
  3740 | D:5      | Found a staircase to the Ecumenical Temple.
  3785 | Temple   | Entered the Ecumenical Temple
  3818 | Temple   | Became a worshipper of the Shining One
  3818 | Temple   | Reached * piety under the Shining One
  3818 | Temple   | Reached ** piety under the Shining One
  3979 | D:5      | Found a shadowy altar of Dithmenos.
  4121 | D:6      | Reached skill level 8 in Maces & Flails
  4121 | D:6      | Reached skill level 1 in Invocations
  4194 | D:6      | Reached XP level 8. HP: 49/58 MP: 8/8
  4256 | D:6      | Noticed Eustachio
  4346 | D:6      | Identified the +10 dagger of Faazapah {venom, Stlth+}
  4368 | D:6      | Killed Eustachio
  4369 | D:6      | Reached skill level 9 in Maces & Flails
  4430 | D:6      | Found a runed translucent door.
  4722 | D:6      | Noticed decrepitude's ghost (novice DsGl)
  4795 | D:6      | Reached skill level 10 in Maces & Flails
  4871 | D:7      | Reached XP level 9. HP: 55/63 MP: 9/9
  5101 | D:7      | Reached skill level 11 in Maces & Flails
  5130 | D:7      | Found a flagged portal.
  5146 | Bailey   | Entered a bailey
  5276 | Bailey   | Slain by an orc warrior

Illustrated notes

Levels and vault maps discovered:
D:1:      dpeg_arrival_three_same_balls, layout_rooms, reono_crystal_passage,
          minmay_misc_feat_rows, nicolae_concentric_dashed_squares_mild,
          st_stairs_13
D:2:      layout_basic, due_unseen_surprise, uniq_sigmund,
          uniq_crazy_yiuf_cottage
D:3:      layout_rooms, tgw_trog, chequers_ecumenical_altar_grove,
          minmay_misc_feat_diagonals, corexii_hall_statues_s
D:4:      corexii_shantytown, layout_layer_cave,
          grunt_temple_overflow_champion_of_chaos, jmf_multi_god_temple
D:5:      layout_gridville, grunt_dithmenos_smoke, temple_green, serial_shops,
          nicolae_shop_getting_attention, shop
D:6:      layout_basic, ebering_ghost_sewer_d, hangedman_abyss_or_decor_stabs,
          st_stairs_8, uniq_eustachio
D:7:      minmay_chambers_of_sevens, layout_loops_ring, enter_bailey_5,
          nicolae_fountain_basement
Temple:   nicolae_temple_ecumenical_triangle
Bailey:   bailey_axe_4, bailey

Skill      XL: |  1  2  3  4  5  6  7  8  9 |
---------------+----------------------------+-----
Maces & Flails | 4 6 7 8 10 11 | 11.7
Evocations     | 2 |  2.0
Invocations    | 2 |  2.0
Fighting       | |  3.0
Dodging        | |  3.0

Action                     |  1- 3 |  4- 6 |  7- 9 || total
---------------------------+-------+-------+-------++-------
  Melee: Mace              |    18 |       |       ||    18
         Dagger            |    35 |   170 |   199 ||   404
         Flail             |       |       |     6 ||     6
  Evoke: Wand              |       |     6 |    14 ||    20
    Use: Scroll            |     2 |     4 |     5 ||    11
         Potion            |     2 |       |     3 ||     5
 Armour: Robe              |     7 |     2 |       ||     9
         Ring mail         |       |    22 |    33 ||    55
         Steam dragon scal |       |       |    17 ||    17
  Dodge: Dodged            |    48 |    95 |   133 ||   276
  Block: Buckler           |       |       |    14 ||    14
